 Dungeon Crawl Stone Soup version 0.31-a0-187-gba352fbbf7 (webtiles) character file.

Game seed: 7452453456134768998

448 qw the Skirmisher (level 6, -4/36 HPs)
             Began as a Deep Elf Hunter on June 22, 2023.
             Slain by a black bear (6 damage)
             ... on level 5 of the Dungeon.
             The game lasted 00:01:22 (4025 turns).

qw the Skirmisher (Deep Elf Hunter)                 Turns: 4025, Time: 00:01:23

Health: -4/36      AC:  6    Str: 10    XL:     6   Next: 73%
Magic:  8/8        EV: 11    Int: 14    God:
Gold:   248        SH:  0    Dex: 18    Spells: 5/5 levels left

rFire   + . .        Y - +1 shortbow
rCold   + . .        (shield currently unavailable)
rNeg    . . .        f - +0 ring mail
rPois   +            g - +0 helmet
rElec   .            k - scarf {rC+ rF+}
rCorr   .            (no gloves)
SInv    .            (no boots)
Will    .....        (no amulet)
Stlth   +            e - ring of poison resistance
HPRegen 0.26/turn    (no ring)
MPRegen 0.11/turn

%: no passive effects
@: no status effects
A: no striking features
a: no special abilities


You were on level 5 of the Dungeon.
You visited 1 branch of the dungeon, and saw 5 of its levels.

You collected 248 gold pieces.


   Skills:
 - Level 2.5 Fighting
 - Level 10.0 Ranged Weapons
 + Level 0.0 Armour
 - Level 3.1 Dodging
 - Level 1.2 Stealth


You had 5 spell levels left.
You didn't know any spells.
Your spell library was empty.

Inventory:

Hand Weapons
 Y - a +1 shortbow (weapon)
Armour
 f - a +0 ring mail (worn)
 g - a +0 helmet (worn)
 i - a +1 cloak
 k - a scarf of resistance (worn)
 n - a +2 leather armour of poison resistance
Jewellery
 e - a ring of poison resistance (left hand)
Scrolls
 a - a scroll of identify
 c - a scroll of teleportation
 h - a scroll of fear {unknown}
 m - a scroll of silence {unknown}
Potions
 b - a potion of magic {unknown}
 d - 2 potions of haste
 j - a potion of berserk rage {unknown}
 l - a potion of heal wounds {unknown}

Dungeon Overview and Level Annotations

Branches:
Dungeon (5/15)
 Temple: D:4-7

Altars:
Gozag
Yredelemnul
Zin

Shops:
D:1 (


Message History

The black bear closely misses you.
You shoot an arrow.
The arrow hits the black bear but does no damage.
The black bear is severely wounded.
The black bear bites you. The black bear claws you.
The black bear claws you but does no damage.
You shoot an arrow. The arrow barely misses the black bear.
The black bear bites you but does no damage.
The black bear claws you.
The black bear claws you but does no damage.
You shoot an arrow. The arrow hits the black bear.
The black bear is severely wounded.
The black bear barely misses you.
The black bear claws you but does no damage.
The black bear misses you.
You shoot an arrow. The arrow hits the black bear.
The black bear is almost dead.
The black bear goes berserk!
You shoot an arrow.
The arrow closely misses the black bear.
The black bear bites you. The black bear claws you. x2
You shoot an arrow. The arrow hits the black bear.
The black bear is almost dead.
The black bear closely misses you.
The black bear claws you but does no damage.
The black bear closely misses you. The black bear bites you.
The black bear claws you but does no damage. x2
You shoot an arrow. The arrow hits the black bear.
The black bear is almost dead.
The black bear closely misses you. x2
The black bear claws you but does no damage.
You shoot an arrow.
The arrow hits the black bear but does no damage.
The black bear is almost dead.
The black bear bites you but does no damage.
The black bear claws you.
The black bear claws you but does no damage.
The black bear bites you! The black bear barely misses you.
The black bear claws you.
You die...

.....)......# .
............#
##.######.##.#...#
...#......##.#####
#.......#....#
#....%....####
#.......###
#.....h.#
#......@#
#......$#
#.......#
#.......#
#(......#
#########


You could see a black bear (berserk).

Vanquished Creatures
  2 phantoms (D:5)
  A howler monkey (D:5)
  2 hounds
  Terence (D:2)
  An iguana (D:4)
  A gnoll (D:1)
  6 adders
  A white imp (D:5)
  A worm (D:3)
  2 orcs
  5 bats
  7 endoplasms
  4 giant cockroaches
  14 goblins
  5 hobgoblins
  3 jackals (D:2)
  9 kobolds
  3 quokkas
  6 ball pythons
  3 frilled lizards
  3 rats
80 creatures vanquished.

Notes
Turn   | Place    | Note
-------+----------+-------------------------------------------
     0 | D:1      | qw the Deep Elf Hunter began the quest for the Orb.
     0 | D:1      | Reached XP level 1. HP: 12/12 MP: 3/3
     0 | D:1      | 0 ||| qw: Version: 0.3-a-9-g12657ce
     0 | D:1      | 0 ||| qw: Game counter: 1950
     0 | D:1      | 0 ||| qw: Always use a shield: true
     0 | D:1      | 0 ||| qw: God list: Okawaru
     0 | D:1      | 0 ||| qw: Allow faded altars: false
     0 | D:1      | 0 ||| qw: Do Orc after D:15 true
     0 | D:1      | 0 ||| qw: Do second Lair branch before Depths: true
     0 | D:1      | 0 ||| qw: Lair rune preference: random
     0 | D:1      | 0 ||| qw: Plans: Normal
     0 | D:1      | 0 ||| PLANNING D:1-11
    65 | D:1      | HP: 2/12 [gnoll/+0 whip (8)]
    67 | D:1      | Reached skill level 6 in Ranged Weapons
    67 | D:1      | Reached XP level 2. HP: 4/16 MP: 4/4
   304 | D:1      | Found Vubei's Antique Weapon Emporium.
   831 | D:1      | Reached XP level 3. HP: 20/20 MP: 5/5
  1039 | D:1      | 1039 ||| UPGRADING to +0 ring mail.
  1049 | D:1      | 1049 ||| DROPPING +0 leather armour.
  1050 | D:1      | 1050 ||| UPGRADING to +0 helmet.
  1055 | D:1      | 1055 ||| UPGRADING to +1 cloak.
  1060 | D:1      | 1060 ||| READING 3 scrolls labelled POX VIDWUDGH.
  1061 | D:1      | 1061 ||| READING scroll labelled ORAPTI PAULL.
  1062 | D:1      | 1062 ||| READING scroll labelled UMELEGHICE.
  1063 | D:1      | 1063 ||| READING 2 scrolls of identify.
  1063 | D:1      | 1063 ||| IDENTIFYING white potion
  1064 | D:1      | 1064 ||| DROPPING scroll of butterflies.
  1294 | D:2      | Reached skill level 7 in Ranged Weapons
  1580 | D:2      | 1580 ||| UPGRADING to ring of poison resistance.
  1581 | D:2      | 1581 ||| READING 2 scrolls labelled BUNOPU TINYAGU.
  1583 | D:2      | Found an opulent altar of Gozag.
  1785 | D:2      | 1785 ||| READING scroll labelled GIKHLU LEZXAZOGI.
  1863 | D:2      | Noticed Terence
  1871 | D:2      | Killed Terence
  1872 | D:2      | Reached XP level 4. HP: 11/25 MP: 6/6
  2020 | D:2      | 2020 ||| DRINKING 2 viscous silvery potions.
  2274 | D:2      | 2274 ||| UPGRADING to scarf of resistance.
  2284 | D:2      | 2284 ||| READING 2 scrolls of identify.
  2284 | D:2      | 2284 ||| IDENTIFYING sedimented pink potion
  2285 | D:2      | 2285 ||| DROPPING potion of invisibility.
  2286 | D:2      | 2286 ||| DROPPING potion of degeneration.
  2684 | D:3      | Reached skill level 8 in Ranged Weapons
  2895 | D:3      | Reached XP level 5. HP: 29/29 MP: 7/7
  3112 | D:3      | 3112 ||| READING scroll labelled EHONOA POYKHLIT.
  3113 | D:3      | 3113 ||| READING scroll labelled RUXKASH MIASK.
  3114 | D:3      | 3114 ||| READING scroll labelled SYMUTS UFUROPA.
  3198 | D:4      | Found a glowing silver altar of Zin.
  3269 | D:4      | 3269 ||| FLEEEEING.
  3387 | D:4      | Reached skill level 9 in Ranged Weapons
  3417 | D:4      | Found a basalt altar of Yredelemnul.
  3798 | D:5      | Entered Level 5 of the Dungeon
  3804 | D:5      | Noticed a phantom
  3815 | D:5      | Killed a phantom
  3816 | D:5      | Reached XP level 6. HP: 31/36 MP: 8/8
  3989 | D:5      | Reached skill level 10 in Ranged Weapons
  4005 | D:5      | Reached skill level 3 in Dodging
  4025 | D:5      | HP: 2/36 [black bear (10)]
  4025 | D:5      | Slain by a black bear

Levels and vault maps discovered:
D:1:      psy_arrival_radial01, layout_basic, serial_shops, shop,
          roderic_roman_lattice, amethyst_killhole, nicolae_grassy_gnolls
D:2:      layout_loops_ring, basic_altar, serial_co_window_serial,
          co_window_corner_a, co_window_corner_a, co_window_of_opportunity_a,
          co_window_paths_b, co_window_corner_a, co_window_corner_cb,
          co_window_unsneaky_path_d, co_window_corner_cb, co_window_corner_b,
          co_window_of_opportunity_b, co_window_corner_b, co_window_broadway_a,
          co_window_sun, co_window_4corner_b, glass_columns_a, glass_columns_a,
          glass_columns_b, glass_columns_a, minmay_goblin_outpost, uniq_terence
D:3:      layout_basic, minmay_gold_behind_fungi, minivault_25, minivault_26
D:4:      layout_basic, amcnicky_altar_gilded, general_overflow_altar
D:5:      layout_rooms, grunt_ministairs_5, uniq_duvessa, uniq_pikel

Skill      XL: |  1  2  3  4  5  6 |
---------------+-------------------+-----
Ranged Weapons | 6 7 8 9 10 | 10.0
Fighting       | 2 |  2.5
Dodging        | 3 |  3.1
Stealth        | |  1.2

Action                     |  1- 3 |  4- 6 || total
---------------------------+-------+-------++-------
   Fire: Shortbow          |    94 |   167 ||   261
    Use: Scroll            |     6 |     4 ||    10
         Potion            |       |     1 ||     1
 Armour: Leather armour    |     6 |       ||     6
         Ring mail         |     5 |    22 ||    27
  Dodge: Dodged            |    22 |    39 ||    61

Table legend:
 A = Non-vault XP
 B = Vault XP
 C = Vault XP percentage of total XP
 D = Non-vault monster count
 E = Vault monster count
 F = Vault count percentage of total count
                 A         B        C        D         E       F
            +---------+---------+-------+---------+---------+-------
      Total |     471 |     169 |  26.4 |      68 |      12 |  15.0
            +---------+---------+-------+---------+---------+-------
        D:1 |      28 |      15 |  34.9 |      18 |       1 |   5.3
        D:2 |      36 |      54 |  60.0 |      15 |      10 |  40.0
        D:3 |      68 |       0 |   0.0 |      16 |       0 |   0.0
        D:4 |     107 |       0 |   0.0 |      13 |       0 |   0.0
        D:5 |     232 |     100 |  30.1 |       6 |       1 |  14.3
            +---------+---------+-------+---------+---------+-------
